 Dungeon Crawl Stone Soup version 0.20.1-1-g8b1a95d (webtiles) character file.

461920 LiquoriceLizzard the Hoplite (level 23, -3/199 HPs)
             Began as a Deep Dwarf Fighter on Nov 5, 2017.
             Was the Champion of Makhleb.
             Slain by a titanic slime creature (66 damage)
             ... while paralysed by a floating eye
             ... on level 5 of the Pits of Slime on Nov 8, 2017.
             The game lasted 16:12:12 (53205 turns).

LiquoriceLizzard the Hoplite (Deep Dwarf Fighter)  Turns: 53205, Time: 16:12:13

Health: -3/199     AC: 29    Str: 18    XL:     23   Next: 38%
Magic:  6/11       EV:  2    Int:  9    God:    Makhleb [******]
Gold:   6689       SH:  0    Dex: 30    Spells: 12/24 levels left

rFire    + + +     SeeInvis +   q - +9 hand axe (vamp)
rCold    + . .     Gourm    .   T - +5 shield {reflect}
rNeg     + + +     Faith    .   P - +8 chain mail "Deycusm" {rPois rN+ rCorr Int-4}
rPois    +         Spirit   .   z - +2 helmet {SInv}
rElec    .         Reflect  +   C - +0 cloak of Loss {rPois rC+ MR- Slay+2}
rCorr    +         Harm     .   l - +0 pair of gloves of Naniesch {rPois rN++ Dex+4}
MR       +++++                  X - +5 pair of boots of Icoazan {rF+ MR+ Slay+3}
Stlth    +++.......             G - amulet "Soca" {Reflect rF+ rN+ Dex+4 SH+3}
Regen    0.0/turn               i - ring of Ixarao {+Inv MR+++ EV+3 Str-2 Dex+3}
MPRegen  0.2/turn               x - ring of Ekuypo {rCorr rF+ MP-9 Int+5}

@: paralysed, corroded, non-regenerating, studying Dodging
A: damage resistance, heal wounds, talons 1, iridescent scales 1, blurry vision
3, deterioration 2, dopey 2, frail 1, magic resistance 2, negative energy
resistance 1, sense surroundings 3, no potion heal 1, subdued magic 1,
MP-powered wands, no regeneration
}: 2/15 runes: decaying, gossamer
a: Heal Wounds, Minor Destruction, Lesser Servant of Makhleb, Major Destruction,
Greater Servant of Makhleb, Renounce Religion, Evoke Invisibility


You were on level 5 of the Pits of Slime.
You worshipped Makhleb.
Makhleb was exalted by your worship.
You were hungry.

You visited 9 branches of the dungeon, and saw 45 of its levels.
You also visited: Labyrinth, Ossuary and Ice Cave.

You collected 7624 gold pieces.
You spent 935 gold pieces at shops.

Inventory:

Hand Weapons
 q - a +9 vampiric hand axe (weapon)
 H - the +1 war axe of Untimely Demise {flame, Str+4}
   (You found it on level 1 of the Swamp)

   It has been specially enchanted to burn those struck by it, causing extra
   injury to most foes and up to half again as much damage against particularly
   susceptible opponents.
   Big, fiery blades are also staple armaments of hydra-hunters.
   It affects your strength (+4).
Missiles
 I - 3 tomahawks of returning (quivered)
Armour
 l - the +0 pair of gloves of Naniesch (worn) {rPois rN++ Dex+4}
   (You found it on level 3 of the Elven Halls)

   It affects your dexterity (+4).
   It protects you from poison.
   It greatly protects you from negative energy.
 m - +0 swamp dragon scales
 z - a +2 helmet of see invisible (worn)
 C - the +0 cloak of Loss (worn) {rPois rC+ MR- Slay+2}
   (You found it on level 2 of the Swamp)

   It affects your accuracy and damage with ranged weapons and melee attacks
   (+2).
   It protects you from cold.
   It protects you from poison.
   It affects your resistance to hostile enchantments.
 P - the +8 chain mail "Deycusm" (worn) {rPois rN+ rCorr Int-4}
   (You found it on level 12 of the Dungeon)

   It affects your intelligence (-4).
   It protects you from poison.
   It protects you from negative energy.
   It protects you from acid and corrosion.
 T - a +5 shield of reflection (worn)
 X - the +5 pair of boots of Icoazan (worn) {rF+ MR+ Slay+3}
   (You found it on level 1 of the Depths)

   It affects your accuracy and damage with ranged weapons and melee attacks
   (+3).
   It protects you from fire.
   It affects your resistance to hostile enchantments.
Jewellery
 b - a +5 ring of protection
 c - the ring of Yhude {+Fly rC+ Dex+6}
   (You found it on level 3 of the Depths)

   [ring of flight]

   It affects your dexterity (+6).
   It protects you from cold.
   It lets you fly.
 i - the ring of Ixarao (left hand) {+Inv MR+++ EV+3 Str-2 Dex+3}
   (You found it on level 1 of the Elven Halls)

   [ring of evasion]

   It affects your evasion (+3).
   It affects your strength (-2).
   It affects your dexterity (+3).
   It affects your resistance to hostile enchantments.
   It lets you turn invisible.
 x - the ring of Ekuypo (right hand) {rCorr rF+ MP-9 Int+5}
   (You found it on level 2 of the Swamp)

   [ring of resist corrosion]

   It affects your intelligence (+5).
   It protects you from fire.
   It affects your magic capacity (-9).
 G - the amulet "Soca" (around neck) {Reflect rF+ rN+ Dex+4 SH+3}
   (You found it in a labyrinth)

   [amulet of reflection]

   It shields you and reflects attacks.
   It affects your dexterity (+4).
   It protects you from fire.
   It protects you from negative energy.
   It affects your SH (+3).
 Q - the amulet of Fun {Spirit Stlth+}
   (You found it on level 3 of the Depths)

   [amulet of guardian spirit]

   It causes incoming damage to be split between your health and magic.
   It makes you more stealthy.
Wands
 j - a wand of clouds (9/9)
 w - a wand of lightning (0/15)
 V - a wand of digging (11/24)
 Y - a wand of iceblast (7/15)
Scrolls
 e - 2 scrolls of summoning
 h - 2 scrolls of holy word
 k - 10 scrolls of identify
 o - 3 scrolls of magic mapping
 s - 5 scrolls of remove curse
 u - 8 scrolls of teleportation
 E - 3 scrolls of silence
 R - a scroll of fog
 S - 3 scrolls of blinking
 Z - a scroll of enchant armour
Potions
 a - 2 potions of ambrosia
 p - 6 potions of brilliance
 v - 5 potions of haste
 B - 9 potions of curing
 K - 4 potions of agility
 L - a potion of resistance
 M - 2 potions of lignification
 U - a potion of might
Books
 J - a manual of Dodging
Miscellaneous
 g - a lamp of fire
 r - a box of beasts
 A - a sack of spiders
 W - a lightning rod (1/4)
Comestibles
 f - 21 bread rations
 n - 21 meat rations
 t - 6 fruits
 N - 7 royal jellies


   Skills:
 + Level 16.5 Fighting
 + Level 20.2 Axes
   Level 2.0(12.9) Maces & Flails
 + Level 7.2 Throwing
 + Level 15.3 Armour
 + Level 15.4 Dodging
 + Level 10.9 Stealth
 + Level 24.7 Shields
 + Level 1.2 Spellcasting
 + Level 1.0 Summonings
 + Level 1.3 Translocations
 + Level 11.1 Invocations
 + Level 9.2 Evocations


You had 12 spell levels left.
You knew the following spells:

 Your Spells              Type           Power        Failure   Level  Hunger
a - Blink                 Tloc           N/A          87%         2    ###....
b - Summon Butterflies    Summ           #.......     80%         1    ##.....
c - Vampiric Draining     Necr           #.........   99%         3    ####...
d - Slow                  Hex            #.......     97%         2    ###....
e - Infusion              Chrm           #...         90%         1    ##.....
f - Shroud of Golubria    Chrm/Tloc      #.........   93%         2    ###....
g - Apportation           Tloc           #.....       75%         1    ##.....


Dungeon Overview and Level Annotations

Branches:
Dungeon (15/15)            Temple (1/1) D:4            Lair (6/6) D:10
  Swamp (4/4) Lair:4       Spider (4/4) Lair:3        Slime (5/5) Lair:6
    Orc (2/2) D:9             Elf (3/3) Orc:2        Vaults (0/5) D:14
 Depths (5/5) D:15            Zot (0/5) Depths:5

Altars:
Ashenzari
Cheibriados
Dithmenos
Elyvilon
Fedhas
Gozag
Hepliaklqana
Kikubaaqudgha
Makhleb
Nemelex Xobeh
Okawaru
Qazlal
Ru
Sif Muna
Trog
Uskayaw
Vehumet
Xom
Yredelemnul
Zin
The Shining One
Beogh

Shops:
D:6 (   D:9 [   Orc:2 *(?   Elf:2 [(![   Depths:1 ?

Portals:
Hell: Lair:6 Depths:1 Depths:2 Depths:3 Depths:4 Depths:5
Abyss: Depths:4
Pandemonium: Depths:3
Ziggurat: Depths:5

Annotations:
Lair:1 exclusion: oklob plant
Slime:5 Dissolution


Innate Abilities, Weirdness & Mutations

You are resistant to damage.
You can heal yourself by infusing magical energy.
You resist negative energy. (rN+)
You passively map a large area around you.
You do not regenerate.
You have sharp toenails.
You are partially covered in iridescent scales. (AC +2)
Scrolls take you much longer to read.
Your body often deteriorates upon taking damage.
You are very dopey. (Int -4)
You are frail. (-10% HP)
You are highly resistant to hostile enchantments. (MR++)
Potions are less effective at restoring your health.
Your spells are a little easier to cast, but a little less powerful.
You expend magic power (3 MP) to strengthen your wands.


Message History

The great orb of eyes bites your ufetubus.
Your ufetubus barely misses the great orb of eyes.
Your ufetubus hits the great orb of eyes but does no damage.
Your ynoxinul gestures at the titanic slime creature.
The iron shot hits the titanic slime creature.
Dissolution gurgles deeply.
Send 'em back where they came from!
Your ufetubus disappears in a puff of smoke!
Your ynoxinul disappears in a puff of smoke!
A titanic slime creature splits.
Two slime creatures merge to form a titanic slime creature.
Dissolution says, "Jiyva sees all!"
The large slime creature hits you!! Dissolution hits you!
You are splashed with acid!
The acid burns!
You resist.
Dissolution hits you but does no damage.
The large slime creature hits you but does no damage.
Dissolution hits you!!
You are splashed with acid!
The acid burns!
You resist.
Dissolution hits you but does no damage.
The titanic slime creature hits you!!!
You die...

, * * *..................
** .* ,
*#................. * , ..
, #................ , ,,
... , #...............
.... ,, #............... #
, ...:. * #...............
#### ,,
......####...............
#..
.....G(JJ#...............
.. ,, ,
.......#@JGG.............
# ,,
,......####GG.............
#* , , ...J.(
#............... # , ,,
....? , #...............
## , ...!) ,
##............... .# ,,
..## ##................
..# , .# ,
,##................. ...#
##..................
....#* *
##...................


You could see Dissolution, 2 great orbs of eyes, a titanic slime creature, a
large slime creature, an eye of draining and 2 floating eyes.

Vanquished Creatures
  the Royal Jelly (Slime:5)
  Sojobo (Depths:5)
  the Lernaean hydra (Swamp:4)
  Saint Roka (Depths:4)
  A caustic shrike (Depths:2)
  A golden dragon (Depths:5)
  5 liches (Depths:4)
  A titan (Depths:3)
  A titan (shapeshifter) (Depths:3)
  A quicksilver dragon (Depths:5)
  A deep elf master archer (Elf:3)
  A deep elf blademaster (Elf:2)
  18 acid blobs
  The ghost of AdmiralAndromeda the Peltast, an adept MiFi of Okawaru (Elf:2)
  Donald (Swamp:3)
  2 thorn hunters
  2 shadow dragons (Depths:2)
  3 storm dragons
  3 tengu reavers
  Roxanne (Swamp:3)
  11 azure jellies
  7 fire giants
  2 ghost moths
  5 frost giants
  7 deep elf sorcerers
  5 emperor scorpions (Spider:4)
  Aizul (Elf:2)
  A frost giant (shapeshifter) (Depths:3)
  2 deep elf elementalists (Elf:3)
  A draconian stormcaller (Depths:5)
  15 very ugly things
  3 war gargoyles (Depths:3)
  3 stone giants
  A draconian annihilator (Depths:5)
  4 entropy weavers
  2 red draconians (Depths:5)
  A vampire knight (Depths:4)
  2 grey draconians (Depths:5)
  6 spark wasps
  2 purple draconians (Depths:5)
  2 green draconians (Depths:5)
  5 deep elf demonologists (Elf:3)
  9 deep elf annihilators
  3 large abominations (Elf:3)
  7 deep elf death magi
  8 crystal guardians (Depths:3)
  A minotaur (shapeshifter) (Depths:3)
  A minotaur (Lab)
  7 deep elf high priests (Elf:3)
  5 ettins
  10 fire dragons
  5 death oozes
  A great orb of eyes (shapeshifter) (Depths:3)
  Fannar (Lair:2)
  15 ogre magi
  A yaktaur captain (Depths:2)
  6 great orbs of eyes
  The ghost of Thaneod the Thaumaturge, a journeyman DEFE of Vehumet (Orc:2)
  22 hydras
  Harold (Lair:1)
  3 ghost crabs
  A rakshasa (Depths:1)
  A spriggan air mage (Depths:3)
  8 centaur warriors
  A death knight (D:15)
  2 vault guards (D:14)
  6 ice dragons
  A queen ant (Lair:6)
  43 dancing weapons
  10 alligators
  An alligator snapping turtle (shapeshifter) (Depths:3)
  18 two-headed ogres
  5 death yaks (Lair:6)
  A catoblepas (D:14)
  An alligator (shapeshifter) (Depths:3)
  10 deep troll shamans
  2 vampire magi (Depths:2)
  4 deep troll earth magi
  2 orc high priests (Orc:2)
  2 tengu warriors (Depths:2)
  A spriggan berserker (Depths:2)
  A small abomination (Elf:3)
  27 deep elf knights
  A soul eater (Depths:1)
  15 hell knights
  A sun demon (Lair:6)
  3 iron trolls (Depths:4)
  2 fire crabs
  5 shambling mangroves
  An unseen horror (shapeshifter) (Depths:3)
  3 skeletal warriors
  7 glowing orange brains
  3 spriggan druids
  3 unseen horrors
  The ghost of Linguinho the Summoner, a novice DsSu of Ashenzari (D:9)
  15 deep trolls
  4 wizards
  12 deep elf archers
  An orange crystal statue (Depths:1)
  A lindwurm (shapeshifter) (Elf:3)
  12 swamp dragons
  3 obsidian statues (Depths:3)
  A harpy (shapeshifter) (D:14)
  A phantasmal warrior (D:15)
  A lindwurm (Lair:3)
  Pikel (D:6)
  6 necromancers
  An orb spider (shapeshifter) (Depths:3)
  4 orc knights
  8 wolf spider zombies
  A manticore (shapeshifter) (Depths:3)
  5 shining eyes
  3 orb spiders
  6 orc sorcerers (Orc:2)
  3 oklob plants
  22 ugly things
  77 deep elf magi
  A salamander (shapeshifter) (Depths:3)
  9 wolf spiders
  4 cyclopes
  A moth of wrath (Spider:4)
  5 manticores
  Maurice (D:12)
  4 elephants (Lair:3)
  4 centaur zombies
  An ice statue (IceCv)
  A water nymph (shapeshifter) (Depths:3)
  3 eyes of devastation
  Joseph (D:8)
  5 black mambas
  An elf zombie (D:15)
  3 gargoyles
  A torpor snail (Spider:1)
  8 molten gargoyles
  16 spiny frogs
  5 rime drakes
  A yaktaur (shapeshifter) (Depths:5)
  4 kobold demonologists
  A komodo dragon (shapeshifter) (Depths:3)
  A spriggan zombie (D:15)
  3 freezing wraiths
  A guardian mummy (D:15)
  4 demonic crawlers
  10 komodo dragons
  14 redback zombies
  5 yaktaurs
  A red devil (Lair:6)
  An ice devil (Lair:6)
  A troll (shapeshifter) (Depths:3)
  3 meliai (D:14)
  2 tengu conjurers (Depths:2)
  7 jumping spiders
  2 tyrant leeches (Swamp:1)
  11 wind drakes
  17 polar bears (IceCv)
  9 trolls
  21 hornets
  86 slime creatures
  A slime creature (shapeshifter) (Depths:3)
  30 blink frogs
  4 bog bodies
  A fire dragon zombie (D:15)
  A dream sheep (Lair:4)
  9 tarantella zombies (Spider:3)
  A snapping turtle (shapeshifter) (Depths:3)
  A blink frog (shapeshifter) (Depths:3)
  10 hippogriffs
  6 spriggans
  4 shadows
  7 wyverns
  38 redbacks
  A vampire (D:14)
  3 wraiths
  17 air elementals
  3 redbacks (shapeshifter) (Depths:3)
  8 water elementals
  4 hogs (D:7)
  6 hungry ghosts
  17 tarantellas
  2 fire bats (shapeshifter)
  3 basilisks
  11 golden eyes
  A human (D:7)
  42 yaks
  4 fire bats (Lair:6)
  9 fire elementals
  21 vampire mosquitoes
  A golden eye (shapeshifter) (Depths:3)
  7 wargs
  A steam dragon (Lair:3)
  2 acid dragons
  30 insubstantial wisps
  29 swamp worms
  4 soldier ants
  11 water moccasins
  3 hell hounds
  Duvessa (D:4)
  10 porcupines
  40 orc warriors
  4 sky beasts
  A black bear (D:6)
  A swamp drake (shapeshifter) (Depths:1)
  5 ice beasts
  16 swamp drakes
  6 phantoms
  5 eyes of draining
  3 necrophages
  4 slaves (D:4)
  28 wolves
  19 ogres
  5 boggarts (Depths:2)
  The ghost of soepske the Covered, an amateur DsFi (D:3)
  20 centaurs
  13 crocodiles
  A big kobold (shapeshifter) (D:14)
  2 big kobolds
  18 bullfrogs
  2 wyvern zombies
  15 earth elementals
  2 water moccasin zombies (Ossuary)
  Dowan (D:4)
  A scorpion (D:9)
  11 wights
  6 killer bees (D:8)
  6 howler monkeys
  5 crimson imps
  4 bullfrog zombies
  5 bullfrog skeletons
  A jelly (shapeshifter) (Depths:3)
  31 orc wizards
  Crazy Yiuf (D:2)
  2 centaur skeletons
  22 orc priests
  6 hounds
  2 jellies
  Jessica (D:2)
  Ijyb (D:4)
  Terence (D:2)
  4 iguanas
  11 worker ants
  A killer bee zombie (D:7)
  3 big kobold zombies (Ossuary)
  A hound zombie (D:7)
  3 hound skeletons
  2 mummies (Ossuary)
  A worker ant zombie (D:11)
  Robin (D:2)
  A howler monkey skeleton (D:5)
  6 gnolls
  13 adders
  2 shadow imps
  An ooze (D:2)
  3 adder skeletons
  6 adder zombies
  5 worms
  6 ball lightnings
  2 dart slugs (D:2)
  5 leopard geckos
  147 orcs
  4 ball pythons
  A bat zombie (D:1)
  6 giant cockroaches
  4 gnoll zombies (Ossuary)
  16 hobgoblins
  14 jackals
  18 kobolds
  A quokka (D:8)
  A bat (D:1)
  2 frilled lizards
  14 goblins
  4 hobgoblin zombies (Ossuary)
  A jackal skeleton (D:8)
  A jackal zombie (D:6)
  A kobold zombie (Ossuary)
  2 leopard gecko zombies
  5 orc zombies (Ossuary)
  12 rats
  4 briar patches (Swamp:2)
  2 crawling corpses (Elf:3)
  2 fungi
  4 plants
1927 creatures vanquished.

Vanquished Creatures (collateral kills)
  Arachne (Spider:2)
  Jorgrun (Depths:2)
  3 acid blobs (Slime:5)
  A tengu reaver (D:14)
  3 azure jellies (Slime:5)
  A frost giant (IceCv)
  A deep elf sorcerer (Elf:3)
  A ghost moth (Spider:1)
  An emperor scorpion (Spider:4)
  3 very ugly things
  A deep elf elementalist (Elf:3)
  2 entropy weavers
  A stone giant (Depths:1)
  Azrael (D:15)
  A spark wasp (Spider:3)
  An ettin (Depths:4)
  A blizzard demon (Depths:3)
  2 deep elf death magi (Elf:3)
  5 death oozes (Slime:5)
  4 crystal guardians (Depths:3)
  A yaktaur captain (Depths:2)
  A great orb of eyes (Depths:1)
  A hydra (D:14)
  2 vault guards (D:14)
  A centaur warrior (D:14)
  A tengu warrior (D:14)
  A two-headed ogre (D:11)
  A dancing weapon (Elf:2)
  An iron troll (Depths:4)
  5 skeletal warriors (D:15)
  2 hell knights (Depths:2)
  An unseen horror (D:15)
  A deep troll (Depths:2)
  An obsidian statue (Depths:3)
  A deep elf archer (Elf:2)
  A phantasmal warrior (D:14)
  13 orb spiders
  9 wolf spiders
  A cyclops (D:15)
  A deep elf mage (Elf:2)
  3 torpor snails
  A gargoyle (D:12)
  A yaktaur (D:12)
  3 demonic crawlers
  A kobold demonologist (D:13)
  A rime drake (Lair:6)
  A hellwing (Lair:6)
  A red devil (Lair:6)
  A troll (D:15)
  3 ice devils (Lair:6)
  16 jumping spiders
  A hornet (Spider:3)
  A hippogriff (D:12)
  2 blink frogs (Lair:6)
  A centaur simulacrum (D:14)
  An ice dragon skeleton (D:15)
  22 redbacks
  An air elemental (Elf:3)
  6 tarantellas
  5 yaks
  A fire elemental (D:15)
  An insubstantial wisp (Depths:1)
  2 soldier ants (Lair:6)
  2 hell hounds (Lair:6)
  An orc warrior (D:11)
  5 centaurs (D:14)
  2 big kobolds
  A wyvern zombie (D:14)
  A wyvern skeleton (D:15)
  3 howler monkeys (D:14)
  A wight (D:11)
  An electric eel (Spider:1)
  A hound (shapeshifter) (Depths:2)
  A jelly (D:11)
  4 worker ants
  An adder (D:11)
  A shadow imp (D:11)
  2 orcs
  8 kobolds
  A crawling corpse (Elf:3)
  A withered plant (D:15)
194 creatures vanquished.

Vanquished Creatures (others)
  A deep elf master archer (Elf:3)
  A stone giant (Depths:4)
  Erica (D:8)
  2 centaur warriors
  A shadow wraith (D:14)
  6 deep elf archers
  A deep elf mage (Elf:3)
  A cyclops (D:14)
  4 yaktaurs (Depths:2)
  A wind drake (Depths:1)
  A hornet (Swamp:4)
  An air elemental (Depths:3)
  2 fire elementals (Depths:3)
  2 tarantellas
  2 water elementals (Depths:3)
  An insubstantial wisp (Swamp:3)
  A swamp drake (Swamp:4)
  A wolf (IceCv)
  3 centaurs (D:14)
  A wight (D:14)
  An orc priest (Orc:2)
  23 ball lightnings
  A quokka (D:9)
  A briar patch (Swamp:2)
  2 fungi (Lair:6)
  7 plants
  2 withered plants (D:15)
71 creatures vanquished.

Grand Total: 2192 creatures vanquished

Notes
Turn   | Place    | Note
-------+----------+-------------------------------------------
     0 | D:1      | LiquoriceLizzard the Deep Dwarf Fighter began the quest for the Orb.
     0 | D:1      | Reached XP level 1. HP: 20/20 MP: 1/1
   117 | D:1      | Reached XP level 2. HP: 27/27 MP: 2/2
   582 | D:2      | Noticed Terence
   594 | D:2      | Killed Terence
   594 | D:2      | Reached XP level 3. HP: 21/34 MP: 3/3
   620 | D:2      | Found a basalt altar of Yredelemnul.
   630 | D:2      | Found an iron altar of Okawaru.
   651 | D:2      | Found a blossoming altar of Fedhas.
   677 | D:2      | Found a sparkling altar of Nemelex Xobeh.
   694 | D:2      | Noticed Jessica
   700 | D:2      | Killed Jessica
   700 | D:2      | Reached XP level 4. HP: 22/42 MP: 4/4
   791 | D:2      | Found a snail-covered altar of Cheibriados.
   967 | D:2      | Found a runed door.
   972 | D:2      | Noticed Crazy Yiuf
   983 | D:2      | Killed Crazy Yiuf
   983 | D:2      | Reached XP level 5. HP: 18/49 MP: 5/5
  1087 | D:2      | Noticed Robin
  1116 | D:2      | Killed Robin
  1116 | D:2      | Reached skill level 1 in Dodging
  1406 | D:3      | Found a shadowy altar of Dithmenos.
  1489 | D:3      | Reached skill level 5 in Axes
  1490 | D:3      | Reached XP level 6. HP: 35/56 MP: 6/6
  1516 | D:3      | Reached skill level 4 in Shields
  1708 | D:3      | HP: 2/56 [hobgoblin/wand of lightning (?/15) (29)]
  1717 | D:3      | HP: 2/56 [hobgoblin/wand of lightning (?/15) (8)]
  1979 | D:3      | Found a bloodstained altar of Trog.
  1980 | D:3      | Noticed soepske's ghost (amateur DsFi)
  2007 | D:3      | Killed soepske's ghost
  2042 | D:4      | Noticed Ijyb
  2057 | D:4      | Killed Ijyb
  2129 | D:4      | Reached XP level 7. HP: 30/63 MP: 7/7
  2233 | D:4      | Found a staircase to the Ecumenical Temple.
  2233 | D:4      | Noticed Dowan
  2237 | D:4      | Noticed Duvessa
  2259 | D:4      | Killed Dowan
  2272 | D:4      | Killed Duvessa
  2284 | D:4      | Noticed Pikel
  2390 | D:4      | Found a stormy altar of Qazlal.
  2425 | Temple   | Entered the Ecumenical Temple
  2466 | Temple   | Became a worshipper of Makhleb the Destroyer
  2570 | D:4      | Reached skill level 5 in Armour
  2618 | D:4      | Got a bloodstained dagger
  2694 | D:4      | Found a hazy altar of Hepliaklqana.
  2825 | D:4      | Found a radiant altar of Vehumet.
  3015 | D:5      | Entered Level 5 of the Dungeon
  3046 | D:5      | Reached XP level 8. HP: 37/73 MP: 3/3
  3353 | D:5      | Reached skill level 5 in Shields
  3586 | D:5      | Reached * piety under Makhleb
  3739 | D:5      | Reached skill level 5 in Fighting
  4527 | D:6      | You fall through a shaft for 3 floors!
  4546 | D:9      | Noticed Linguinho's ghost (novice DsSu)
  4555 | D:9      | Killed Linguinho's ghost
  4555 | D:9      | Reached skill level 1 in Evocations
  4555 | D:9      | Gained mutation: You passively map the area around you. [Deep Dwarf growth]
  4555 | D:9      | Reached XP level 9. HP: 28/81 MP: 0/2
  4575 | D:9      | Found Vuitzyi's Armour Emporium.
  4578 | D:9      | Found a staircase to the Orcish Mines.
  4590 | D:9      | HP: 3/81 [orc warrior/trident (12)]
  4806 | D:6      | Killed Pikel
  4806 | D:6      | Reached skill level 10 in Axes
  4806 | D:6      | Reached skill level 6 in Shields
  4835 | D:6      | Found a sand-covered staircase.
  4839 | Ossuary  | Entered an ossuary
  4869 | Ossuary  | Reached ** piety under Makhleb
  5151 | D:6      | Found Wauk's Weapon Shoppe.
  5232 | D:6      | Reached XP level 10. HP: 90/91 MP: 4/4
  5494 | D:7      | Reached *** piety under Makhleb
  5787 | D:7      | Reached skill level 7 in Shields
  5853 | D:7      | Reached **** piety under Makhleb
  5991 | D:7      | Found a glowing silver altar of Zin.
  6428 | D:8      | Noticed Erica
  6434 | D:8      | Noticed Joseph
  6445 | D:8      | Killed Erica
  6467 | D:8      | Killed Joseph
  6528 | D:8      | Identified the +9 dagger of Integrity {drain, MR+ Str+5} (You found it on level 4 of the Dungeon)
  6538 | D:8      | Learned a level 2 spell: Blink
  6894 | D:9      | Noticed a two-headed ogre
  7106 | D:9      | Found a white marble altar of Elyvilon.
  7324 | D:9      | Killed a two-headed ogre
  7324 | D:9      | Reached skill level 5 in Dodging
  7324 | D:9      | Reached XP level 11. HP: 60/100 MP: 5/5
  7487 | D:10     | Entered Level 10 of the Dungeon
  7661 | D:10     | Noticed a two-headed ogre
  7829 | D:10     | Found a staircase to the Lair.
  7899 | D:9      | Killed a two-headed ogre
  7899 | D:9      | Reached skill level 1 in Stealth
  7899 | D:9      | Reached skill level 8 in Shields
  7952 | Lair:1   | Entered Level 1 of the Lair of Beasts
  7952 | Lair:1   | Noticed Harold
  8004 | Lair:1   | Killed Harold
  8019 | Lair:1   | Reached skill level 1 in Throwing
  8438 | Lair:1   | Noticed an oklob plant
  8458 | Lair:1   | Gained mutation: You are partially covered in iridescent scales. (AC +2) [potion of mutation]
  8458 | Lair:1   | Gained mutation: You have sharp toenails. [potion of mutation]
  8458 | Lair:1   | Gained mutation: You possess an exceptional clarity of mind. [potion of mutation]
  8655 | Lair:1   | Noticed a four-headed hydra
  8669 | Lair:1   | Killed a four-headed hydra
  8669 | Lair:1   | Reached skill level 9 in Shields
  8765 | D:10     | Identified a scroll of acquirement
  9247 | D:11     | Killed an unseen horror
  9347 | D:11     | Reached XP level 12. HP: 110/110 MP: 4/4
  9471 | D:11     | Learned a level 1 spell: Summon Butterflies
  9544 | D:11     | Reached ***** piety under Makhleb
  9663 | D:11     | Noticed a two-headed ogre
  9677 | D:11     | Killed a two-headed ogre
  9907 | D:11     | Learned a level 3 spell: Vampiric Draining
 10246 | D:12     | Got a transparent chain mail
 10313 | D:12     | Reached skill level 10 in Shields
 10386 | D:12     | Identified the +8 chain mail "Deycusm" {rPois rN+ rCorr Int-4} (You found it on level 12 of the Dungeon)
 10472 | D:12     | Noticed Maurice
 10512 | D:12     | Killed Maurice
 10845 | D:12     | Noticed a centaur warrior
 10862 | D:12     | Killed a centaur warrior
 10868 | D:12     | Noticed a centaur warrior
 10887 | D:12     | Noticed a two-headed ogre
 10888 | D:12     | Noticed an ogre mage
 10898 | D:12     | Killed a two-headed ogre
 10901 | D:12     | Killed a centaur warrior
 10901 | D:12     | Reached skill level 5 in Invocations
 10902 | D:12     | Killed an ogre mage
 11076 | D:12     | Reached skill level 11 in Shields
 11216 | D:12     | Reached XP level 13. HP: 110/118 MP: 5/5
 11634 | D:13     | Found a labyrinth entrance.
 11642 | Lab      | Entered a labyrinth
 12072 | Lab      | Noticed a minotaur
 12086 | Lab      | Killed a minotaur
 12086 | Lab      | Reached skill level 1 in Maces & Flails
 12370 | Lab      | Learned a level 2 spell: Slow
 12372 | Lab      | Got a serpentine tin amulet
 12426 | D:13     | Identified the amulet "Soca" {Reflect rF+ rN+ Dex+4 SH+3} (You found it in a labyrinth)
 13387 | D:14     | Reached skill level 5 in Evocations
 13418 | D:14     | Noticed a fire dragon
 13422 | D:14     | Noticed a tengu reaver
 13434 | D:14     | Reached skill level 12 in Shields
 13465 | D:14     | Killed a fire dragon
 13472 | D:14     | Killed a tengu reaver
 13790 | D:14     | Gained mutation: You resist negative energy. (rN+) [Deep Dwarf growth]
 13790 | D:14     | Reached XP level 14. HP: 89/129 MP: 7/7
 13828 | D:14     | Reached skill level 10 in Armour
 13835 | D:14     | Reached skill level 5 in Stealth
 13981 | D:14     | Found a gate to the Vaults.
 14539 | D:15     | Entered Level 15 of the Dungeon
 14539 | D:15     | Noticed Azrael
 14553 | D:15     | Killed Azrael
 14584 | D:15     | Reached skill level 13 in Shields
 14638 | D:15     | Reached skill level 10 in Fighting
 14850 | D:15     | Found a staircase to the Depths.
 15849 | D:15     | Found a sparkling altar of Nemelex Xobeh.
 15962 | D:15     | Reached skill level 15 in Axes
 16339 | Depths:1 | Entered Level 1 of the Depths
 16453 | Depths:1 | Noticed a white very ugly thing
 16454 | Depths:1 | Noticed a white very ugly thing
 16454 | Depths:1 | Noticed a white very ugly thing
 16455 | Depths:1 | Noticed a white very ugly thing
 16659 | Orc:1    | Entered Level 1 of the Orcish Mines
 17009 | Lair:2   | Noticed Fannar
 17048 | Lair:2   | Killed Fannar
 17553 | Lair:3   | Reached XP level 15. HP: 140/140 MP: 9/9
 17746 | Lair:3   | Found a hole to the Spider Nest.
 18129 | Lair:4   | Reached skill level 14 in Shields
 18880 | Lair:4   | Found a staircase to the Swamp.
 18891 | Lair:4   | Reached ****** piety under Makhleb
 19512 | Spider:1 | Entered Level 1 of the Spider Nest
 20110 | Spider:1 | Killed a ghost moth
 20652 | Lair:5   | Got a warped chain mail
 20800 | Lair:6   | Entered Level 6 of the Lair of Beasts
 20800 | Lair:6   | Found a staircase to the Slime Pits.
 20816 | Lair:6   | Found a frozen archway.
 20868 | Lair:6   | Reached skill level 15 in Shields
 20890 | IceCv    | Entered an ice cave
 21195 | IceCv    | Reached skill level 10 in Dodging
 21415 | IceCv    | Noticed a frost giant
 21480 | IceCv    | Killed a frost giant
 22167 | Lair:6   | Reached XP level 16. HP: 144/150 MP: 11/11
 22286 | Lair:6   | Found a burning altar of Makhleb.
 22357 | Lair:6   | Found a gateway to Hell.
 22684 | Spider:1 | You fall through a shaft!
 22946 | Spider:2 | Noticed Arachne
 22978 | Spider:2 | Killed Arachne
 23372 | Spider:3 | Reached skill level 16 in Shields
 23829 | Spider:3 | Learned a level 1 spell: Infusion
 23832 | Spider:3 | Learned a level 2 spell: Shroud of Golubria
 24639 | Spider:4 | Entered Level 4 of the Spider Nest
 25194 | Lair:4   | Identified the +1 chain mail of Kutokh {Regen+} (You found it on level 5 of the Lair of Beasts)
 25613 | Lair:6   | Reached skill level 17 in Shields
 26929 | Spider:4 | Reached XP level 17. HP: 101/159 MP: 13/13
 27472 | Orc:2    | Entered Level 2 of the Orcish Mines
 28248 | Spider:4 | Got a gossamer rune of Zot
 28450 | Swamp:1  | Entered Level 1 of the Swamp
 28813 | Swamp:1  | Got a shimmering plate armour
 28846 | Swamp:1  | Identified the +4 plate armour of Midsummer {rCorr Dex+3 Slay+2} (You found it on level 1 of the Swamp)
 28849 | Swamp:1  | Got a crude war axe
 28850 | Swamp:1  | Identified the cursed +1 war axe of Untimely Demise {flame, Str+4} (You found it on level 1 of the Swamp)
 29364 | Swamp:2  | Reached skill level 18 in Shields
 29666 | Swamp:2  | Found a stormy altar of Qazlal.
 30123 | Swamp:2  | Got a serpentine bone ring
 30133 | Swamp:2  | Got an ancient cloak
 30165 | Swamp:2  | Identified the cursed +0 cloak of Loss {rPois rC+ MR- Slay+2} (You found it on level 2 of the Swamp)
 30166 | Swamp:2  | Identified the ring of Ekuypo {rCorr rF+ MP-9 Int+5} (You found it on level 2 of the Swamp)
 30944 | Swamp:4  | Entered Level 4 of the Swamp
 30966 | Swamp:3  | Noticed Roxanne
 30989 | Swamp:3  | Killed Roxanne
 31169 | Swamp:3  | Noticed Donald
 31202 | Swamp:3  | Killed Donald
 31551 | Swamp:4  | Noticed the 27-headed Lernaean hydra
 31750 | Swamp:4  | Reached skill level 19 in Shields
 31933 | Swamp:4  | Gained mutation: You passively map a large area around you. [Deep Dwarf growth]
 31933 | Swamp:4  | Reached XP level 18. HP: 170/170 MP: 5/14
 32274 | Swamp:4  | Got a decaying rune of Zot
 32532 | Swamp:4  | Killed the 18-headed Lernaean hydra
 32780 | Slime:1  | Entered Level 1 of the Pits of Slime
 32881 | Slime:1  | Gained mutation: You are resistant to hostile enchantments. (MR+) [a shining eye]
 33035 | Slime:1  | Gained mutation: You are dopey. (Int -2) [a shining eye]
 33041 | Slime:1  | Gained mutation: Armour fits poorly on your strangely shaped body. [a shining eye]
 33043 | Slime:1  | Gained mutation: Your body sometimes deteriorates upon taking damage. [a shining eye]
 33379 | Slime:4  | Lost mutation: Armour fits poorly on your strangely shaped body. [mutagenic glow]
 33416 | Slime:4  | Lost mutation: You possess an exceptional clarity of mind. [mutagenic glow]
 33690 | Slime:5  | Entered Level 5 of the Pits of Slime
 33756 | Slime:5  | HP: 2/171 [azure jelly (15)]
 33763 | Slime:5  | Noticed the Royal Jelly
 34838 | Depths:1 | Found Rudoesum's Magic Scroll Boutique.
 34843 | Depths:1 | Got a pair of pitted boots
 34859 | Depths:1 | Bought a scroll of blinking for 157 gold pieces
 34875 | Depths:1 | Identified the +5 pair of boots of Icoazan {rF+ MR+ Slay+3} (You found it on level 1 of the Depths)
 35343 | Depths:1 | Reached skill level 20 in Shields
 35592 | Depths:1 | Reached XP level 19. HP: 180/180 MP: 6/15
 36958 | Depths:1 | Reached skill level 10 in Invocations
 37415 | Depths:2 | Reached skill level 1 in Translocations
 38969 | Orc:2    | Found a roughly hewn altar of Beogh.
 39504 | Depths:2 | Reached skill level 21 in Shields
 39735 | Depths:2 | Noticed a caustic shrike
 39769 | Depths:2 | Killed a caustic shrike
 39905 | Depths:3 | Noticed Jorgrun
 39926 | Depths:2 | Killed Jorgrun
 40174 | Depths:3 | Reached XP level 20. HP: 185/190 MP: 7/16
 40224 | Depths:3 | Reached skill level 5 in Throwing
 40284 | Depths:3 | Got a steaming iron ring
 40475 | Depths:3 | Noticed a juggernaut
 40475 | Depths:3 | an iron dragon changed into a juggernaut
 40476 | Depths:3 | Noticed a golden dragon
 40476 | Depths:3 | a juggernaut changed into a golden dragon
 40477 | Depths:3 | a golden dragon changed into an iron troll
 40500 | Depths:3 | Noticed a caustic shrike
 40500 | Depths:3 | an iron troll changed into a caustic shrike
 40503 | Depths:3 | a caustic shrike changed into a stone giant
 40925 | Depths:1 | Identified the ring of Yhude {+Fly rC+ Dex+6} (You found it on level 3 of the Depths)
 42278 | Depths:3 | Got a slimy golden ring
 42280 | Depths:3 | Identified the ring of Tulips {*Drain rPois Str+2 Int+2 Stlth+} (You found it on level 3 of the Depths)
 42328 | Depths:3 | Got a dazzling chain mail
 42333 | Depths:3 | Identified the +6 chain mail of Death Resistance {rF+ Str+4 Dex+3} (You found it on level 3 of the Depths)
 42451 | Depths:3 | Found a one-way gate leading to the halls of Pandemonium.
 42463 | Depths:3 | Got a translucent steel amulet
 42464 | Depths:3 | Identified the amulet of Fun {Spirit Stlth+} (You found it on level 3 of the Depths)
 42531 | Depths:3 | Noticed a caustic shrike
 42531 | Depths:3 | an iron dragon changed into a caustic shrike
 42532 | Depths:3 | a caustic shrike changed into a frost giant
 42648 | Depths:3 | Gained mutation: You are highly resistant to hostile enchantments. (MR++) [a shining eye]
 42654 | Depths:3 | Gained mutation: Your spells are a little easier to cast, but a little less powerful. [a shining eye]
 42843 | Depths:3 | Got a shimmering amber ring
 42844 | Depths:3 | Identified the ring "Nialac" {Dex+2 Stlth+} (You found it on level 3 of the Depths)
 43103 | Depths:4 | Noticed Saint Roka
 43159 | Depths:4 | Killed Saint Roka
 43354 | Depths:4 | Reached skill level 22 in Shields
 43482 | Depths:4 | Found a one-way gate to the infinite horrors of the Abyss.
 44085 | Depths:4 | Reached XP level 21. HP: 170/200 MP: 8/17
 44146 | Depths:4 | Reached skill level 15 in Fighting
 44223 | Depths:4 | Identified the Papyrus of Entrancing Calling
 44308 | Depths:4 | Found a deep blue altar of Sif Muna.
 44320 | Depths:4 | Identified the Guide on Translocation and Sinister Magic
 44332 | Depths:4 | Identified the Almanac of the Wary Demons
 44429 | Depths:4 | Identified the Grimoire of Combat Magic
 44431 | Depths:4 | Identified Xiqedolo's Guide on Cold and Creation
 44766 | Depths:5 | Entered Level 5 of the Depths
 44799 | Depths:5 | Noticed Sojobo
 44812 | Depths:5 | Reached skill level 1 in Spellcasting
 44827 | Depths:5 | Killed Sojobo
 44827 | Depths:5 | Reached skill level 10 in Stealth
 44907 | Depths:5 | Found a gateway to a ziggurat.
 45233 | Depths:5 | Noticed a golden dragon
 45271 | Depths:5 | Killed a golden dragon
 45287 | Depths:5 | Found a gate to the Realm of Zot.
 45518 | Depths:5 | Got a clouded bone ring
 45727 | Depths:5 | Reached skill level 23 in Shields
 45959 | Depths:1 | Bought a scroll of identify for 42 gold pieces
 45959 | Depths:1 | Bought a scroll of identify for 42 gold pieces
 46470 | Orc:2    | Noticed Thaneod's ghost (journeyman DEFE)
 46481 | Orc:2    | Killed Thaneod's ghost
 46484 | Orc:2    | Found Mypamm's General Store.
 46493 | Orc:2    | Found Jeb Rajej's Weapon Shoppe.
 46847 | Orc:2    | Found a staircase to the Elven Halls.
 46875 | Elf:1    | Entered Level 1 of the Elven Halls
 47092 | Elf:1    | Reached skill level 15 in Dodging
 47169 | Elf:1    | Reached skill level 1 in Summonings
 47493 | Elf:1    | Identified the cursed ring "Husylac" {rF+ Int-3 Slay+3} (You found it on level 5 of the Depths)
 47498 | Elf:1    | Got a crude platinum ring
 47501 | Elf:1    | Identified the ring of Ixarao {+Inv MR+++ EV+3 Str-2 Dex+3} (You found it on level 1 of the Elven Halls)
 48244 | Elf:2    | Found Deni's Antique Armour Boutique.
 48270 | Elf:2    | Reached XP level 22. HP: 211/211 MP: 18/18
 48304 | Elf:2    | Found Uxziff's Weapon Emporium.
 48325 | Elf:2    | Found Requang's Armour Shoppe.
 48574 | Elf:2    | Found Kewainy's Distillery.
 48615 | Elf:2    | Bought a potion of curing for 33 gold pieces
 48615 | Elf:2    | Bought a potion of haste for 110 gold pieces
 48615 | Elf:2    | Bought 3 potions of curing for 99 gold pieces
 48615 | Elf:2    | Bought a potion of curing for 33 gold pieces
 48615 | Elf:2    | Bought a potion of heal wounds for 55 gold pieces
 48615 | Elf:2    | Bought a potion of cancellation for 88 gold pieces
 48839 | Elf:2    | Noticed AdmiralAndromeda's ghost (adept MiFi)
 48959 | Elf:2    | Killed AdmiralAndromeda's ghost
 49029 | Elf:2    | Found a huge runed gate.
 49029 | Elf:2    | Found a huge runed gate.
 49030 | Elf:2    | Found a huge runed gate.
 49031 | Elf:2    | Found a huge runed gate.
 49040 | Elf:2    | Found a huge runed gate.
 49132 | Elf:2    | Noticed Aizul
 49153 | Elf:2    | Killed Aizul
 49778 | Elf:3    | Entered Level 3 of the Elven Halls
 50729 | Elf:3    | Reached skill level 24 in Shields
 50732 | Elf:3    | Reached skill level 15 in Armour
 51363 | Orc:2    | Found Myrie's Magic Scroll Boutique.
 51407 | Orc:2    | Bought a scroll of summoning for 114 gold pieces
 51407 | Orc:2    | Bought 2 scrolls of teleportation for 72 gold pieces
 51407 | Orc:2    | Bought a scroll of enchant weapon for 90 gold pieces
 51759 | Elf:3    | Got a pair of heavily runed gloves
 51766 | Elf:3    | Identified the +0 pair of gloves of Naniesch {rPois rN++ Dex+4} (You found it on level 3 of the Elven Halls)
 51883 | Elf:3    | Got a scorched platinum ring
 51893 | Elf:3    | Identified the Papyrus of Earth and Displacement
 51896 | Elf:3    | Identified the ring "Punaerer" {rF- rN+ MR+ Dex+5} (You took it off a deep elf death mage on level 3 of the Elven Halls)
 51902 | Elf:3    | Learned a level 1 spell: Apportation
 51909 | Elf:3    | Identified the Catalogue of Boosts and Enchantment
 51986 | Elf:3    | Got a scorched lapis lazuli ring
 52002 | Elf:3    | Identified the ring "Iweymoum" {rPois rF+ MR+ Str+4 Stlth-} (You took it off a deep elf death mage on level 3 of the Elven Halls)
 52034 | Elf:3    | Got a warped granite ring
 52036 | Elf:3    | Identified the ring of Asmieh {rPois EV+2 Stlth+} (You took it off a deep elf demonologist on level 3 of the Elven Halls)
 52173 | Elf:3    | Reached XP level 23. HP: 220/220 MP: 19/19
 52871 | Slime:5  | Killed the Royal Jelly
 52919 | Slime:4  | Gained mutation: Scrolls take you a little longer to read. [a shining eye]
 52921 | Slime:4  | Gained mutation: You expend magic power (3 MP) to strengthen your wands. [a shining eye]
 52923 | Slime:4  | Gained mutation: Scrolls take you longer to read. [a shining eye]
 52931 | Slime:4  | Gained mutation: You are very dopey. (Int -4) [a shining eye]
 52935 | Slime:4  | Gained mutation: Your body often deteriorates upon taking damage. [a shining eye]
 52944 | Slime:4  | Gained mutation: Potions are less effective at restoring your health. [a shining eye]
 52947 | Slime:4  | Gained mutation: Scrolls take you much longer to read. [a shining eye]
 52949 | Slime:4  | Gained mutation: You are frail. (-10% HP) [a shining eye]
 53186 | Slime:5  | Noticed Dissolution
 53201 | Slime:5  | Paralysed by a floating eye for 4 turns
 53205 | Slime:5  | Slain by a titanic slime creature

Skill      XL: |  1  2  3  4  5  6  7  8  9 10 11 12 13 14 15 16 17 18 19 20 21 22 23 |
---------------+----------------------------------------------------------------------+-----
Fighting       | 3 4 5 7 8 9 10 11 12 13 14 15 16 | 16.5
Axes           | 3 4 5 6 7 9 10 11 12 13 14 15 16 17 18 19 20 | 20.2
Armour         | 4 5 6 7 8 9 10 11 12 13 14 15 | 15.3
Dodging        | 1 3 4 5 6 7 8 9 10 11 12 13 14 15 | 15.4
Shields        | 4 5 6 7 9 11 12 13 15 17 19 20 21 22 23 24 | 24.7
Invocations    | 2 4 5 6 7 8 9 10 11 | 11.1
Evocations     | 1 2 4 5 6 7 9 |  9.2
Stealth        | 3 4 6 7 8 9 10 | 10.9
Throwing       | 1 3 4 5 6 7 |  7.2
Maces & Flails | 2 |  2.0
Translocations | 1 |  1.3
Spellcasting   | 1 |  1.2
Summonings     | 1 |  1.0

Action                   |  1- 3 |  4- 6 |  7- 9 | 10-12 | 13-15 | 16-18 | 19-21 | 22-24 || total
-------------------------+-------+-------+-------+-------+-------+-------+-------+-------++-------
Melee: War axe           |    70 |   235 |   254 |       |       |   877 |    21 |       ||  1457
       Hand axe          |       |       |   215 |  1093 |  2246 |  2269 |  3675 |  1070 || 10568
       Kick              |       |       |       |   205 |  1238 |  1659 |       |       ||  3102
       Mace              |       |       |       |     3 |    53 |    69 |       |       ||   125
Throw: Tomahawk          |       |       |       |    56 |    40 |    42 |   160 |    26 ||   324
 Cast: Blink             |       |       |       |     1 |       |       |     4 |       ||     5
       Summon Butterflie |       |       |       |       |       |       |     4 |       ||     4
Invok: Minor Destruction |       |       |       |     2 |    17 |       |       |       ||    19
       Lesser Servant of |       |       |       |     6 |    52 |    53 |    44 |    16 ||   171
       Major Destruction |       |       |       |       |       |       |     1 |       ||     1
 Abil: Heal Wounds       |       |     6 |    24 |    15 |     3 |     2 |     1 |       ||    51
       Evoke Flight      |       |       |       |       |       |       |     8 |       ||     8
Evoke: Wand              |       |       |     4 |    37 |    24 |    29 |    20 |    29 ||   143
       Phial of floods   |       |       |       |       |     2 |     1 |     3 |     1 ||     7
       Lightning rod     |       |       |       |       |       |    12 |    24 |    11 ||    47
       Lamp of fire      |       |       |       |       |       |       |     1 |     1 ||     2
       Sack of spiders   |       |       |       |       |       |       |       |     3 ||     3
       Box of beasts     |       |       |       |       |       |       |       |     1 ||     1
  Use: Potion            |       |     1 |     3 |    11 |     7 |    20 |     7 |     4 ||    53
       Scroll            |       |       |    10 |    11 |    17 |    17 |    24 |    16 ||    95
 Stab: Invisible         |       |       |       |     3 |       |       |       |       ||     3
       Sleeping          |       |       |       |     1 |       |       |     2 |     4 ||     7
       Distracted        |       |       |       |     1 |    33 |    22 |    27 |    11 ||    94
       Petrified         |       |       |       |       |     2 |       |       |       ||     2
       Confused          |       |       |       |       |       |       |     1 |       ||     1
  Eat: Chunk             |       |     5 |    10 |    26 |    32 |    37 |    38 |    15 ||   163
       Royal jelly       |       |       |       |     1 |     3 |     1 |     4 |       ||     9
       Fruit             |       |       |       |       |     5 |    10 |     6 |     2 ||    23
       Meat ration       |       |       |       |       |       |     2 |       |       ||     2
Armor: Scale mail        |    21 |    76 |   179 |   150 |       |       |       |       ||   426
       Ring mail         |       |       |       |    65 |       |       |       |       ||    65
       Skin              |       |       |       |    30 |       |       |       |       ||    30
       Chain mail        |       |       |       |   128 |   672 |  1451 |   764 |   232 ||  3247
       Swamp dragon scal |       |       |       |       |       |       |    25 |       ||    25
Dodge: Dodged            |    32 |    60 |   169 |   317 |   655 |  1346 |  1040 |   484 ||  4103
Block: Shield            |    27 |    87 |   241 |   535 |  1460 |  2734 |  2642 |  1064 ||  8790
       Reflection        |       |       |       |       |    48 |    16 |   117 |    71 ||   252
